 Dungeon Crawl Stone Soup version 0.28.0-62-gf88900778d (webtiles) character file.

Game seed: 17971912944250451064

914 Froggeryz the Cudgeller (level 7, 0/60 HPs)
             Began as a Demigod Gladiator on Jan 5, 2024.
             Killed from afar by a steam dragon (11 damage)
             ... with a ball of steam
             ... on level 5 of the Dungeon.
             The game lasted 00:05:10 (5769 turns).

Froggeryz the Cudgeller (Demigod Gladiator)         Turns: 5769, Time: 00:05:10

Health: 0/60       AC:  9    Str: 23    XL:     7   Next: 52%
Magic:  9/9        EV: 11    Int: 10    God:
Gold:   226        SH:  0    Dex: 15    Spells: 6/6 levels left

rFire   . . .      SeeInvis +   a - +0 flail
rCold   + . .      Faith    .   (no shield)
rNeg    . . .      Spirit   .   k - +0 scale mail
rPois   .          Reflect  .   c - +0 helmet
rElec   .          Harm     .   w - +0 cloak
rCorr   .          Rampage  .   (no gloves)
Will    .....                   (no boots)
Stlth   ..........              o - amulet of magic regeneration
HPRegen 0.20/turn               m - ring of protection from cold
MPRegen 0.51/turn               q - ring of see invisible

@: studying Stealth
A: high MP 1, forlorn, divine attributes
a: no special abilities


You were on level 5 of the Dungeon.
You visited 1 branch of the dungeon, and saw 5 of its levels.
You also visited: Sewer.

You collected 226 gold pieces.

Inventory:

Hand Weapons
 a - a +0 flail (weapon)
 u - a +2 short sword of venom
Missiles
 b - 6 javelins (quivered)
 n - 2 throwing nets
Armour
 c - a +0 helmet (worn)
 k - a +0 scale mail (worn)
 w - a +0 cloak (worn)
Jewellery
 m - a ring of protection from cold (left hand)
 o - an amulet of magic regeneration (around neck)
 q - a ring of see invisible (right hand)
 r - a ring of willpower
Scrolls
 f - a scroll of blinking {unknown}
 j - a scroll of teleportation
 v - a scroll of fear
 x - a scroll of acquirement {unknown}
Potions
 d - 2 potions of berserk rage
 e - a potion of flight
 g - a potion of curing
 h - a potion of attraction {unknown}
 i - 2 potions of mutation
 l - 2 potions of resistance {unknown}
 p - a potion of might {unknown}
 s - a potion of brilliance {unknown}
 t - a potion of cancellation {unknown}


   Skills:
 + Level 4.3 Fighting
 * Level 6.4 Maces & Flails
 - Level 1.7 Throwing
 + Level 3.8 Armour
 - Level 2.6 Dodging


You had 6 spell levels left.
You didn't know any spells.
Your spell library was empty.

Dungeon Overview and Level Annotations

Branches:
Dungeon (5/15)              Sewer (visited)
 Temple: D:4-7


Innate Abilities, Weirdness & Mutations

You have an increased reservoir of magic. (+10% MP)
You shall have no god before yourself.
Your divine heritage dramatically boosts your attributes as you level up.


Message History

The centaur zombie kicks you but does no damage.
You hit the centaur zombie.
The centaur zombie is severely damaged.
The centaur zombie closely misses you. The centaur zombie barely misses you.
You thump the centaur zombie!
You destroy the centaur zombie!
No target in view!
You now have 226 gold pieces (gained 13).
You open the door.
Found a stone staircase leading up.
A steam dragon comes into view.
The steam dragon breathes steam at you. The ball of steam hits you!
There is an open door here.
You're standing in a cloud of steam!
Throw: 7 javelins
Press: ? - help, Q - select action, (/) - cycle Shift-Dir - straight line, f - steam dragon
Aim: a steam dragon (steam, 60% to hit)
You throw a javelin.
The javelin pierces through the steam dragon.
The steam dragon is lightly wounded.
The steam dragon breathes steam at you. The ball of steam hits you!
You sock the steam dragon!
The steam dragon is heavily wounded.
You are engulfed in a cloud of scalding steam.
The steam dragon bites you. The steam dragon barely misses you.
You hit the steam dragon.
The steam dragon is heavily wounded.
You are engulfed in a cloud of scalding steam.
* * * LOW HITPOINT WARNING * * *
The steam dragon bites you but does no damage.
The steam dragon claws you but does no damage.
You closely miss the steam dragon.
The steam dragon is heavily wounded.
You are engulfed in a cloud of scalding steam.
* * * LOW HITPOINT WARNING * * *
The steam dragon breathes steam at you. The ball of steam hits you!
You die...

###### #....# #.##.#
#.##.# #.##.# #######
#####.##.# .......
#.....##.# .......
#.######@##ยง......
###.######.D'.....<.
#######..........##.......
.................# .......
.............>...# ....(..
#.####...........# .......
..#..............# #######
#.#.###..........# ....#
#..........#


You could see a steam dragon (catching breath).

Vanquished Creatures
  A water moccasin (Sewer)
  2 ogres (D:5)
  2 centaurs (D:4)
  Blork the orc (D:4)
  Crazy Yiuf (D:4)
  A bullfrog zombie (D:5)
  3 jellies
  A bullfrog skeleton (D:4)
  A centaur zombie (D:5)
  An iguana (D:5)
  A hound skeleton (D:4)
  A howler monkey zombie (D:5)
  7 adders
  An ufetubus (D:4)
  2 worms (D:3)
  A dart slug (D:4)
  An orc (D:4)
  8 endoplasms
  3 giant cockroaches (D:1)
  7 goblins
  5 hobgoblins
  3 jackals (D:2)
  2 quokkas
  7 ball pythons
  10 bats
  3 frilled lizards
  A jackal skeleton (D:2)
  6 kobolds
  8 rats
91 creatures vanquished.

Notes
Turn   | Place    | Note
-------+----------+-------------------------------------------
     0 | D:1      | Froggeryz the Demigod Gladiator began the quest for the
                  | Orb.
     0 | D:1      | Reached XP level 1. HP: 17/17 MP: 3/3
   424 | D:1      | Reached skill level 3 in Maces & Flails
   515 | D:1      | Reached XP level 2. HP: 24/24 MP: 4/4
  1822 | D:2      | Reached skill level 1 in Armour
  2145 | D:2      | Reached XP level 3. HP: 29/29 MP: 5/5
  3102 | D:3      | Found a glowing drain.
  3107 | D:3      | Reached XP level 4. HP: 18/37 MP: 6/6
  3114 | Sewer    | Entered a sewer
  3316 | Sewer    | Noticed a water moccasin
  3329 | Sewer    | Killed a water moccasin
  3330 | Sewer    | Reached skill level 4 in Maces & Flails
  3330 | Sewer    | Reached XP level 5. HP: 24/45 MP: 7/7
  4109 | D:4      | Noticed a centaur
  4113 | D:4      | Noticed a centaur
  4121 | D:4      | Killed a centaur
  4122 | D:4      | Killed a centaur
  4123 | D:4      | Reached skill level 5 in Maces & Flails
  4123 | D:4      | Reached XP level 6. HP: 7/51 MP: 8/8
  4566 | D:4      | Noticed Blork the orc
  4574 | D:4      | Killed Blork the orc
  5105 | D:4      | Found a runed translucent door.
  5106 | D:4      | Noticed Crazy Yiuf
  5210 | D:4      | Killed Crazy Yiuf
  5274 | D:5      | Entered Level 5 of the Dungeon
  5283 | D:5      | Reached XP level 7. HP: 53/58 MP: 9/9
  5458 | D:5      | Reached skill level 6 in Maces & Flails
  5763 | D:5      | Noticed a steam dragon
  5769 | D:5      | Killed from afar by a steam dragon

Illustrated notes

Levels and vault maps discovered:
D:1:      amcnicky_arrival_gap_in_the_tavern_cellar, layout_basic,
          hellmonk_ecumenical_altar_prayer_group
D:2:      layout_loops_corners
D:3:      layout_loops_ring, portal_sewer_entry_c, glass_columns_a,
          amcnicky_mini_rare_corridor_liquid
D:4:      layout_loops_ring, minmay_manual_mares, uniq_crazy_yiuf_cottage,
          uniq_blork_the_orc
D:5:      layout_basic

Skill      XL: |  1  2  3  4  5  6  7 |
---------------+----------------------+-----
Fighting       | 2 3 4 |  4.3
Maces & Flails | 3 4 5 6 |  6.4
Armour         | 1 2 3 |  3.8
Throwing       | |  1.7
Dodging        | |  2.6

Action                   |  1- 3 |  4- 6 |  7- 9 || total
-------------------------+-------+-------+-------++-------
Melee: Flail             |   151 |   118 |    32 ||   301
       Punch             |     5 |     2 |       ||     7
Throw: Throwing net      |       |     3 |       ||     3
       Javelin           |       |     7 |     1 ||     8
  Use: Scroll            |       |     5 |       ||     5
       Potion            |       |     1 |       ||     1
 Stab: Sleeping          |     3 |       |       ||     3
       Held in net/web   |       |     1 |       ||     1
Armor: Leather armour    |    19 |       |       ||    19
       Scale mail        |    36 |    80 |    11 ||   127
Dodge: Dodged            |    82 |    99 |    20 ||   201
